AoeStats
← WALLUP | debrijja

African Clearing

511181237Analyzed
3v3 RM · 16d ago on Oct 4, 2026· 29m 0s· 6 players
Game mode
Random Map
Map size
Normal (6 player)
Population
200
Speed
Normal
Resources
Standard
Victory
Conquest
Starting age
Dark Age
Ending age
Imperial Age
RankedLock teamsTeams togetherTeam positionsShared explorationLock speedFull tech treeHidden civsTurbo modeCheats
Victory
Defeat
🇺🇸 Koreans · United States
1384
+11
🇺🇸 Vietnamese · United States
1329
+13
🇺🇸 Franks · United States
1312
+14
vs
🇵🇪 Inca · Peru
1282
-13
🇦🇷 Vietnamese · Argentina
1264
-13
🇦🇷 Varangians · Argentina
1254
-12
WALLUP | Flimby16
8:40 Loom
12:16 Feudal Age
12:46 Double-Bit Axe
15:03 Scale Barding Armor
15:10 Forging
22:37 Wheelbarrow
25:00 Castle Age
23:25 Gold Mining
26:21 Husbandry
26:46 Chain Barding Armor
27:02 Iron Casting
27:39 Bow Saw
Azure_Sentry
7:57 Loom
12:56 Feudal Age
14:14 Fletching
26:02 Castle Age
26:40 Bodkin Arrow
WALLUP | debrijja
10:59 Loom
13:38 Feudal Age
17:40 Castle Age
15:38 Double-Bit Axe
15:33 Horse Collar
15:45 Fletching
18:19 Bodkin Arrow
18:52 Bow Saw
23:35 Ballistics
Charly_
8:11 Loom
11:25 Feudal Age
12:44 Feudal Age
17:06 Castle Age
15:59 Double-Bit Axe
16:06 Gold Mining
17:51 Fletching
LAO9
5:53 Loom
12:57 Feudal Age
18:27 Fletching
30:42 Castle Age
Mysa_
6:24 Loom
15:34 Feudal Age
23:22 Castle Age
22:44 Scale Mail Armor
23:32 Pikeman
24:16 Squires
25:40 Arson
26:36 Bloodlines
29:23 Wheelbarrow
Connection lost

Rejoining the realm…

Still unreachable

The connection could not be restored.

Session expired

The server has moved on; the page needs a fresh start.